 Dungeon Crawl Stone Soup version 0.30-a0-465-g8901f6c8b5 (webtiles) character file.

Game seed: 1790385007428247457

193 cforsyth the Cudgeller (level 5, -3/44 (48) HPs)
             Began as an Armataur Gladiator on Dec 18, 2022.
             Slain by a wight
             ... wielding a +4 scimitar
              (16 damage)
             ... on level 4 of the Dungeon.
             The game lasted 00:05:41 (3889 turns).

cforsyth the Cudgeller (Armataur Gladiator)         Turns: 3889, Time: 00:05:42

HP:   -3/44 (48)    AC:  7    Str: 19    XL:     5   Next: 43%
MP:   5/5           EV:  8    Int: 10    God:
Gold: 91            SH:  0    Dex: 12    Spells: 4/4 levels left

rFire   . . .      SeeInvis .    a - +0 flail
rCold   . . .      Faith    .    (no shield)
rNeg    . . .      Spirit   .    q - +0 scale mail
rPois   .          Reflect  .    c - +0 helmet
rElec   .          Harm     .    (no cloak)
rCorr   .          Roll     +    (no gloves)
Will    .....                    (no barding)
Stlth   ..........               o - amulet of regeneration
HPRegen 1.07/turn                (no ring)
MPRegen 0.09/turn                (no ring)

@: drained
A: large, rugged brown scales 3, deformed body, armoured tail, roll, long
tongue, awkward tongue
a: no special abilities


You were on level 4 of the Dungeon.
You visited 1 branch of the dungeon, and saw 4 of its levels.

You collected 91 gold pieces.

Inventory:

Hand Weapons
 a - a +0 flail (weapon)
Missiles
 d - 4 throwing nets (quivered)
 e - a javelin
Armour
 b - a +0 leather armour
 c - a +0 helmet (worn)
 q - a +0 scale mail (worn)
Jewellery
 o - an amulet of regeneration (around neck)
Scrolls
 g - 2 scrolls of identify {unknown}
 k - 2 scrolls of teleportation {unknown}
 n - 2 scrolls of amnesia {unknown}
 p - a scroll of silence {unknown}
 r - a scroll of acquirement {unknown}
 s - a scroll of brand weapon {unknown}
 t - 2 scrolls of fear {unknown}
 u - a scroll of blinking {unknown}
Potions
 f - 2 potions of curing {unknown}
 h - 2 potions of lignification {unknown}
 i - a potion of magic {unknown}
 j - 3 potions of mutation {unknown}
 l - a potion of haste {unknown}
 m - a potion of flight {unknown}


   Skills:
 + Level 3.0 Fighting
 + Level 3.6 Maces & Flails
 + Level 3.0 Throwing
 + Level 3.0 Dodging


You had 4 spell levels left.
You didn't know any spells.
Your spell library was empty.

Dungeon Overview and Level Annotations

Branches:
Dungeon (4/15)
 Temple: D:4-7

Altars:

Annotations:
D:3 3 runed translucent doors, lotum's ghost, amateur NaWr


Innate Abilities, Weirdness & Mutations

You are completely covered in rugged brown scales. (AC +3, +7% HP)
Armour fits poorly on your strangely shaped body.
You have a long armoured tail.
You roll when moving toward enemies. (Rampage)
Your long tongue fully drains potion bottles. (2x potion effects)
Your tongue gives you trouble enunciating. (1.5x scroll delay)


Message History

You climb downwards.
Found a ring mail.
There is a stone staircase leading up here.
No target in view!
You see here a +0 ring mail.
t - 2 scrolls labelled QICYSHUL DOUSA (gained 1)
You now have 91 gold pieces (gained 12).
There are monsters nearby!
There are monsters nearby!
There are monsters nearby!
You roll towards the wight!
Found a stone staircase leading down.
You roll towards the wight!
The wight hits you with a +4 scimitar! The wight attacks as you move away!
The wight hits you with a +4 scimitar! The wight attacks as you move away!
The wight hits you with a +2 short sword.
You feel drained. The wight attacks as you move away!
The wight barely misses you. The wight closely misses you.
The wight barely misses you. The wight attacks as you move away!
The wight hits you with a +4 scimitar!!
* * * LOW HITPOINT WARNING * * *
You hit the wight.
The wight is lightly damaged.
The wight hits you but does no damage.
You closely miss the wight.
The wight is lightly damaged.
The wight hits you with a +2 short sword.
* * * LOW HITPOINT WARNING * * *
You feel drained.
* * * LOW HITPOINT WARNING * * *
You hit the wight but do no damage. The wight hits you with a +4 scimitar.
* * * LOW HITPOINT WARNING * * *
You barely miss the wight. The wight hits you but does no damage.
You hit the wight. You tail-slap the wight.
The wight is heavily damaged.
The wight barely misses you.
You closely miss the wight.
The wight is heavily damaged.
The wight hits you with a +4 scimitar!
You die...

......##..#..#..#.............
..........#....##.............
.........##...###..?..........
........# ##..###...........#.
........####...##.........###
..##......##................
#..##........#..z#..##......#
#......###.#####z#......##...
....#.#...... #@#......# #..
....###.....## #...##...# ...
#......# ###..##.## ##.
#.......# #......# # ........#
#........ ...#...$# ........[
.....=... ..........
..........


You could see 2 wights.

Vanquished Creatures
  A gnoll bouda (D:3)
  An orc wizard (D:2)
  4 gnolls
  2 adders
  3 ufetubi
  A dart slug (D:3)
  6 orcs
  4 endoplasms
  4 giant cockroaches
  5 goblins
  4 hobgoblins
  7 kobolds
  2 quokkas (D:1)
  A ball python (D:4)
  6 bats
  3 frilled lizards (D:1)
  6 rats
60 creatures vanquished.

Notes
Turn   | Place    | Note
-------+----------+-------------------------------------------
     0 | D:1      | cforsyth the Armataur Gladiator began the quest for the
                  | Orb.
     0 | D:1      | Reached XP level 1. HP: 18/18 MP: 1/1
   280 | D:1      | Reached XP level 2. HP: 23/25 MP: 2/2
   944 | D:2      | Reached XP level 3. HP: 20/31 MP: 3/3
  2291 | D:3      | Found a runed translucent gate.
  2292 | D:3      | Found a runed translucent gate.
  2293 | D:3      | Found a runed translucent gate.
  2294 | D:3      | Identified the +7 ring mail "Vet Neblobro" {Dex+4 SInv}
  2295 | D:3      | Noticed lotum's ghost (amateur NaWr)
  2619 | D:3      | Reached XP level 4. HP: 39/39 MP: 4/4
  3191 | D:3      | Reached XP level 5. HP: 47/47 MP: 5/5
  3889 | D:4      | Slain by a wight

Illustrated notes

Levels and vault maps discovered:
D:1:      spicycebolla_arrival_ecumenical, layout_basic, serial_glass,
          glass_columns_a, glass_columns_b, glass_columns_a, glass_columns_b
D:2:      minmay_evil_eye, layout_basic
D:3:      layout_basic, biasface_ghost_orc_armoury, kennysheep_donut,
          minmay_hedge_maze, ebering_dispersal_statue_hall, solitary_fountain
D:4:      layout_cave_pools, serial_shops, nicolae_shop_crystal

Skill      XL: |  1  2  3  4  5 |
---------------+----------------+-----
Fighting       | 2 3 |  3.0
Throwing       | 2 3 |  3.0
Maces & Flails | 3 |  3.6
Dodging        | 3 |  3.0

Action                   |  1- 3 |  4- 6 || total
-------------------------+-------+-------++-------
Melee: Flail             |   149 |    81 ||   230
       Tailslap          |    13 |    10 ||    23
       Punch             |     1 |       ||     1
 Stab: Distracted        |     1 |       ||     1
Armor: Leather armour    |   105 |       ||   105
       Scale mail        |     2 |    56 ||    58
Dodge: Dodged            |    91 |    42 ||   133

Table legend: (Time is in decaauts)
 A = Elapsed time spent in this place.
 B = Non-inter-level travel time spent in this place.
 C = Inter-level travel time spent in this place.
 D = Time resting spent in this place.
 E = Time spent auto-exploring this place.
 F = Levels seen in this place.
 G = Mean time per level.
                   A        B        C        D        E       F      G
               +--------+--------+--------+--------+--------+-----+--------+
         Total |   3947 |   3631 |    316 |    536 |   2315 |   4 |  986.8 |
       Dungeon |   3947 |   3631 |    316 |    536 |   2315 |   4 |  986.8 |
               +--------+--------+--------+--------+--------+-----+--------+

Top non-repeatable levels by time:
     D:2: 1547 daAuts
     D:3: 1546 daAuts
     D:1: 741 daAuts
     D:4: 112 daAuts
